BSA
NASSAU ROCKETS @ KALAMAZOO ROYALE WITH CHEESE
08/09/2028
 
TOP OF THE 1ST
Nassau Rockets batting - Pitching for Kalamazoo Royale with Cheese : RHP Jason Taylor
Pitching: RHP Jason Taylor
Batting: LHB Don Ramey 0-0: Ball
1-0: Foul Ball, location: 2F
1-1: Ball
2-1: Foul Ball, location: 2F
2-2: SINGLE (Line Drive, 89S)
Batting: LHB Doug Thompson 0-0: Ball
1-0: Called Strike
1-1: Ball
2-1: Ball
Don Ramey steals 2nd base
3-1: Fly out, F7 (Flyball, 7)
Batting: LHB Juan Romero 0-0: Ball
1-0: Ball
2-0: SINGLE (Groundball, 6MD)
Don Ramey to third
Batting: LHB Andrew Alvarado 0-0: Fly out, F8 (Flyball, 8LD)
Runner from 3rd tags up, SCORES, no throw
Batting: LHB Gene Cooper 0-0: Swinging Strike
0-1: Ball
1-1: Ball
2-1: Ball
3-1: Base on Balls
Juan Romero to second
Batting: LHB Wilson Allen 0-0: Swinging Strike
0-1: Ball
1-1: Swinging Strike
1-2: Strikes out swinging
Top of the 1st over - 1 run(s), 2 hit(s), 0 error(s), 2 left on base; Nassau 1 - Kalamazoo 0
BOTTOM OF THE 1ST
Kalamazoo Royale with Cheese batting - Pitching for Nassau Rockets : LHP Ben Moody
Pitching: LHP Ben Moody
Batting: RHB Andy Aiton 0-0: Ball
1-0: SINGLE (Groundball, 34D)
Batting: RHB Jorge Márquez 0-0: Foul Ball, location: 2F
0-1: Grounds into double play, 4-6-3 (Groundball, 4)
Batting: LHB Roberto Sandoval 0-0: Fly out, F7 (Flyball, 7)
Bottom of the 1st over - 0 run(s), 1 hit(s), 0 error(s), 0 left on base; Nassau 1 - Kalamazoo 0
TOP OF THE 2ND
Nassau Rockets batting - Pitching for Kalamazoo Royale with Cheese : RHP Jason Taylor
Batting: RHB Salvador Borbón 0-0: Ball
1-0: Ball
2-0: Swinging Strike
2-1: Ball
3-1: Base on Balls
Batting: LHB Shiro Ueno 0-0: Swinging Strike
0-1: Ball
1-1: Foul Ball, location: 2F
1-2: Foul Ball, location: 2F
1-2: Foul Ball, location: 2F
1-2: Foul Ball, location: 2F
1-2: Ground out 6-3 (Groundball, 6MS)
Salvador Borbón to second
Batting: LHB Rafael Delgado 0-0: Called Strike
0-1: Foul Ball, location: 2F
0-2: Ball
1-2: Ball
2-2: Strikes out swinging
Batting: LHB Don Ramey 0-0: Foul Ball, location: 2F
0-1: Ball
1-1: Fly out, F8 (Flyball, 8LM)
Top of the 2nd over - 0 run(s), 0 hit(s), 0 error(s), 1 left on base; Nassau 1 - Kalamazoo 0
BOTTOM OF THE 2ND
Kalamazoo Royale with Cheese batting - Pitching for Nassau Rockets : LHP Ben Moody
Batting: RHB Tae-kwon Kwon 0-0: Ball
1-0: Called Strike
1-1: Fly out, F7 (Line Drive, 78D)
Batting: LHB Donovan Bird 0-0: Ball
1-0: Swinging Strike
1-1: Ball
2-1: Swinging Strike
2-2: Strikes out swinging
Batting: RHB Pedro Rosado 0-0: Called Strike
0-1: Foul Ball, location: 2F
0-2: Ball
1-2: SINGLE (Flyball, 8RS)
Batting: LHB Jacob Wright 0-0: Called Strike
0-1: Ball
1-1: Ball
2-1: Foul Ball, location: 2F
2-2: Foul Ball, location: 2F
2-2: Ball
3-2: Strikes out swinging
Bottom of the 2nd over - 0 run(s), 1 hit(s), 0 error(s), 1 left on base; Nassau 1 - Kalamazoo 0
TOP OF THE 3RD
Nassau Rockets batting - Pitching for Kalamazoo Royale with Cheese : RHP Jason Taylor
Batting: LHB Doug Thompson 0-0: Called Strike
0-1: Hit by Pitch
Batting: LHB Juan Romero 0-0: Foul Ball, location: 2F
0-1: Ball
1-1: Foul Ball, location: 2F
1-2: Strikes out swinging
Batting: LHB Andrew Alvarado 0-0: Ball
1-0: Ball
2-0: Ball
3-0: Called Strike
3-1: SINGLE (Groundball, 56D)
Doug Thompson to second
Batting: LHB Gene Cooper 0-0: Called Strike
0-1: Ball
1-1: Foul Ball, location: 2F
1-2: Ball
2-2: Fly out, F8 (Flyball, 8LM)
Batting: LHB Wilson Allen 0-0: Swinging Strike
0-1: Ball
1-1: Called Strike
1-2: Strikes out looking
Top of the 3rd over - 0 run(s), 1 hit(s), 0 error(s), 2 left on base; Nassau 1 - Kalamazoo 0
BOTTOM OF THE 3RD
Kalamazoo Royale with Cheese batting - Pitching for Nassau Rockets : LHP Ben Moody
Batting: LHB Bill McJannett 0-0: Ball
1-0: Ball
2-0: Fly out, F9 (Line Drive, 9LM)
Batting: SHB Caden Keith 0-0: Called Strike
0-1: Ground out 1-3 (Groundball, 13S)
Batting: RHB Andy Aiton 0-0: Fly out, F4 (Popup, 34)
Bottom of the 3rd over - 0 run(s), 0 hit(s), 0 error(s), 0 left on base; Nassau 1 - Kalamazoo 0
TOP OF THE 4TH
Nassau Rockets batting - Pitching for Kalamazoo Royale with Cheese : RHP Jason Taylor
Batting: RHB Salvador Borbón 0-0: Ball
1-0: Ball
2-0: Called Strike
2-1: Called Strike
2-2: Strikes out swinging
Batting: LHB Shiro Ueno 0-0: Ball
1-0: Ball
2-0: Called Strike
2-1: Ball
3-1: Base on Balls
Batting: LHB Rafael Delgado 0-0: Ball
1-0: Ball
2-0: Called Strike
2-1: Swinging Strike
2-2: Foul Ball, location: 2F
2-2: Strikes out looking
Batting: LHB Don Ramey 0-0: Ball
1-0: DOUBLE (Line Drive, 7LD)
Shiro Ueno to third
Runner from 3rd tries for Home, SAFE, throw made at trailing runner, OUT at third!
Top of the 4th over - 1 run(s), 1 hit(s), 0 error(s), 0 left on base; Nassau 2 - Kalamazoo 0
BOTTOM OF THE 4TH
Kalamazoo Royale with Cheese batting - Pitching for Nassau Rockets : LHP Ben Moody
Batting: RHB Jorge Márquez 0-0: Ball
1-0: Ball
2-0: Called Strike
2-1: Ball
3-1: Foul Ball, location: 2F
3-2: Foul Ball, location: 2F
3-2: Foul Ball, location: 2F
3-2: Foul Ball, location: 2F
3-2: Foul Ball, location: 2F
3-2: Strikes out looking
Batting: LHB Roberto Sandoval 0-0: Ball
1-0: Swinging Strike
1-1: Foul Ball, location: 2F
1-2: Ball
2-2: Strikes out swinging
Batting: RHB Tae-kwon Kwon 0-0: Called Strike
0-1: Ball
1-1: Called Strike
1-2: Foul Ball, location: 2F
1-2: Ball
2-2: Ball
3-2: Foul Ball, location: 2F
3-2: Ground out 5-3 (Groundball, 56S)
Bottom of the 4th over - 0 run(s), 0 hit(s), 0 error(s), 0 left on base; Nassau 2 - Kalamazoo 0
TOP OF THE 5TH
Nassau Rockets batting - Pitching for Kalamazoo Royale with Cheese : RHP Jason Taylor
Batting: LHB Doug Thompson 0-0: Called Strike
0-1: Fly out, F8 (Flyball, 78M)
Batting: LHB Juan Romero 0-0: Swinging Strike
0-1: Ball
1-1: SINGLE (Groundball, 34D)
Batting: LHB Andrew Alvarado 0-0: Called Strike
0-1: Ball
1-1: Swinging Strike
1-2: SINGLE (Flyball, 8LS)
Juan Romero to second
Runner from 2nd tries for 3rd, SAFE, no throw
Batting: LHB Gene Cooper 0-0: Called Strike
Andrew Alvarado steals 2nd base
0-1: Ball
1-1: Swinging Strike
1-2: Ball
2-2: SINGLE (Line Drive, 89S)
Juan Romero scores
Andrew Alvarado to third
Batting: LHB Wilson Allen 0-0: Ball
1-0: Grounds into double play, 4-6-3 (Groundball, 34)
Top of the 5th over - 1 run(s), 3 hit(s), 0 error(s), 1 left on base; Nassau 3 - Kalamazoo 0
BOTTOM OF THE 5TH
Kalamazoo Royale with Cheese batting - Pitching for Nassau Rockets : LHP Ben Moody
Batting: LHB Donovan Bird 0-0: Ball
1-0: Called Strike
1-1: SINGLE (Line Drive, 34)
Batting: RHB Pedro Rosado 0-0: Ball
1-0: SINGLE (Line Drive, 56D)
Donovan Bird to second
Batting: LHB Jacob Wright 0-0: Foul Ball, location: 2F
0-1: Foul Ball, location: 2F
0-2: Fly out, F7 (Flyball, 78S)
Batting: LHB Bill McJannett 0-0: Ball
1-0: Ball
2-0: Ball
3-0: Called Strike
3-1: Foul Ball, location: 2F
3-2: Strikes out swinging
Batting: SHB Caden Keith 0-0: Ball
1-0: Fly out, F8 (Line Drive, 8RS)
Bottom of the 5th over - 0 run(s), 2 hit(s), 0 error(s), 2 left on base; Nassau 3 - Kalamazoo 0
TOP OF THE 6TH
Nassau Rockets batting - Pitching for Kalamazoo Royale with Cheese : RHP Jason Taylor
Pitching: LHP Morgan McDormand
Batting: RHB Salvador Borbón 0-0: Ball
1-0: Foul Ball, location: 2F
1-1: Ball
2-1: Foul Ball, location: 2F
2-2: Ball
3-2: SINGLE (Groundball, 56D) (infield hit)
Batting: LHB Shiro Ueno 0-0: Swinging Strike
0-1: Swinging Strike
0-2: Foul Ball, location: 2F
0-2: Foul Ball, location: 2F
0-2: Ball
1-2: Foul Ball, location: 2F
1-2: Foul Ball, location: 2F
1-2: Ball
2-2: Foul Ball, location: 2F
2-2: Strikes out swinging
Batting: LHB Rafael Delgado 0-0: SINGLE (Line Drive, 56)
Salvador Borbón to second
Batting: LHB Don Ramey 0-0: Ball
1-0: Ball
2-0: SINGLE (Line Drive, 4M)
Salvador Borbón to third
Rafael Delgado to second
Runner from 3rd tries for Home, SAFE, throw made home
Rafael Delgado to third
Don Ramey to second
Batting: LHB Doug Thompson 0-0: Intentional Walk
Batting: LHB Juan Romero 0-0: Fielders Choice at 2nd, 3-6 (Groundball, 34)
Rafael Delgado scores
Don Ramey to third
Batting: LHB Andrew Alvarado 0-0: Called Strike
0-1: Swinging Strike
0-2: Foul Ball, location: 2F
0-2: Foul Ball, location: 2F
0-2: Ball
1-2: Ball
2-2: Ground out 4-3 (Groundball, 4M)
Top of the 6th over - 2 run(s), 3 hit(s), 0 error(s), 2 left on base; Nassau 5 - Kalamazoo 0
BOTTOM OF THE 6TH
Kalamazoo Royale with Cheese batting - Pitching for Nassau Rockets : LHP Ben Moody
Batting: RHB Andy Aiton 0-0: Fly out, F8 (Flyball, 8LM)
Batting: RHB Jorge Márquez 0-0: SINGLE (Groundball, 56D)
Batting: LHB Roberto Sandoval 0-0: Called Strike
0-1: SINGLE (Line Drive, 34)
Jorge Márquez to second
Batting: RHB Tae-kwon Kwon 0-0: Ball
1-0: Foul Ball, location: 2F
1-1: Fly out, F7 (Flyball, 7S)
Batting: LHB Donovan Bird 0-0: Fly out, F9 (Flyball, 9)
Bottom of the 6th over - 0 run(s), 2 hit(s), 0 error(s), 2 left on base; Nassau 5 - Kalamazoo 0
TOP OF THE 7TH
Nassau Rockets batting - Pitching for Kalamazoo Royale with Cheese : LHP Morgan McDormand
Batting: LHB Gene Cooper 0-0: Ball
1-0: SINGLE (Groundball, 34D)
Batting: LHB Wilson Allen 0-0: Ball
1-0: Ball
2-0: Called Strike
2-1: Called Strike
2-2: Strikes out looking
Pitching: LHP Terry Klassen
Batting: RHB Salvador Borbón 0-0: Ball
1-0: Ball
2-0: Called Strike
2-1: Ball
3-1: Base on Balls
Gene Cooper to second
Batting: LHB Shiro Ueno 0-0: Ball
1-0: Ball
2-0: Foul Ball, location: 2F
2-1: Called Strike
2-2: Strikes out swinging
Batting: LHB Rafael Delgado 0-0: Called Strike
0-1: Ball
1-1: Called Strike
1-2: Foul Ball, location: 2F
1-2: Foul Ball, location: 2F
1-2: Strikes out swinging
Top of the 7th over - 0 run(s), 1 hit(s), 0 error(s), 2 left on base; Nassau 5 - Kalamazoo 0
BOTTOM OF THE 7TH
Kalamazoo Royale with Cheese batting - Pitching for Nassau Rockets : LHP Ben Moody
Batting: RHB Pedro Rosado 0-0: Fly out, F3 (Line Drive, 3)
Batting: LHB Jacob Wright 0-0: Ball
1-0: SOLO HOME RUN (Flyball, 89XD), Distance : 428 ft
Batting: LHB Bill McJannett 0-0: Ball
1-0: Foul Ball, location: 2F
1-1: Foul Ball, location: 2F
1-2: Strikes out looking
Batting: SHB Caden Keith 0-0: Ball
1-0: Foul Ball, location: 2F
1-1: Foul Ball, location: 2F
1-2: Foul Ball, location: 2F
1-2: Ball
2-2: Ball
3-2: Fly out, F5 (Popup, 5L)
Bottom of the 7th over - 1 run(s), 1 hit(s), 0 error(s), 0 left on base; Nassau 5 - Kalamazoo 1
TOP OF THE 8TH
Nassau Rockets batting - Pitching for Kalamazoo Royale with Cheese : LHP Terry Klassen
Batting: LHB Don Ramey 0-0: Ball
1-0: Fly out, F7 (Flyball, 78S)
Batting: LHB Doug Thompson 0-0: Called Strike
0-1: Called Strike
0-2: Ball
1-2: Foul Ball, location: 2F
1-2: Ball
2-2: Strikes out swinging
Batting: LHB Juan Romero 0-0: Ball
1-0: Ball
2-0: Ground out 6-3 (Groundball, 6)
Top of the 8th over - 0 run(s), 0 hit(s), 0 error(s), 0 left on base; Nassau 5 - Kalamazoo 1
BOTTOM OF THE 8TH
Kalamazoo Royale with Cheese batting - Pitching for Nassau Rockets : LHP Ben Moody
Batting: RHB Andy Aiton 0-0: Called Strike
0-1: SOLO HOME RUN (Flyball, 7D), Distance : 386 ft
Batting: RHB Jorge Márquez 0-0: Ball
1-0: Foul Ball, location: 2F
1-1: Called Strike
1-2: Ball
2-2: Strikes out swinging
Batting: LHB Roberto Sandoval 0-0: Called Strike
0-1: Ball
1-1: Ball
2-1: Foul Ball, location: 2F
2-2: Ball
3-2: Strikes out looking
Batting: RHB Tae-kwon Kwon 0-0: Fly out, F9 (Flyball, 89M)
Bottom of the 8th over - 1 run(s), 1 hit(s), 0 error(s), 0 left on base; Nassau 5 - Kalamazoo 2
TOP OF THE 9TH
Nassau Rockets batting - Pitching for Kalamazoo Royale with Cheese : LHP Terry Klassen
Batting: LHB Andrew Alvarado 0-0: Called Strike
0-1: Ground out 4-3 (Groundball, 34)
Batting: LHB Gene Cooper 0-0: Called Strike
0-1: Swinging Strike
0-2: Foul Ball, location: 2F
0-2: Strikes out looking
Batting: LHB Wilson Allen 0-0: Ball
1-0: Ball
2-0: Called Strike
2-1: Ball
3-1: Called Strike
3-2: Strikes out swinging
Top of the 9th over - 0 run(s), 0 hit(s), 0 error(s), 0 left on base; Nassau 5 - Kalamazoo 2
BOTTOM OF THE 9TH
Kalamazoo Royale with Cheese batting - Pitching for Nassau Rockets : LHP Ben Moody
Pitching: RHP Guan-cai Yong
Batting: LHB Donovan Bird 0-0: Foul Ball, location: 2F
0-1: Foul Ball, location: 2F
0-2: Ball
1-2: Ball
2-2: Ball
3-2: Ground out 3-1 (Groundball, 34S)
Batting: RHB Pedro Rosado 0-0: Ball
1-0: Called Strike
1-1: Fly out, F9 (Flyball, 9)
Batting: LHB Jacob Wright 0-0: Called Strike
0-1: Swinging Strike
0-2: Ball
1-2: Ball
2-2: Ball
3-2: Base on Balls
Batting: LHB Bill McJannett 0-0: Ball
1-0: Called Strike
1-1: Ball
2-1: Called Strike
2-2: Foul Ball, location: 2F
2-2: Foul Ball, location: 2F
2-2: Ball
3-2: Foul Ball, location: 2F
3-2: Strikes out swinging
Bottom of the 9th over - 0 run(s), 0 hit(s), 0 error(s), 1 left on base; Nassau 5 - Kalamazoo 2
Tuesday, August 8th, 2017 - OOTP Baseball 17.12 Build 75